Mulligans vs Blackdemons
(R2)
Created - May 6, 2018 at 23:07
Goals
|
| Mulligans |
1 |
0 |
4 |
5 |
| Blackdemons |
1 |
2 |
1 |
4 |
|
Shots
|
| Mulligans |
11 |
6 |
12 |
29 |
| Blackdemons |
10 |
20 |
13 |
43 |
|
1st period
1. Mulligans , Matt Beleskey 1 (Maxime Macenauer 1) at 7:29 (PP)
2. Blackdemons , Alexandre Grenier 1 (Keaton Ellerby 1, Patrice Cormier 1) at 17:15 (PP)
Penalties :
Calvin de Haan (MJM) for Diving (Minor) at 6:52, Matt Beleskey (Rep) for Hooking (Minor) at 9:34, Nick Bonino (Rep) for Hooking (Minor) at 15:20
2nd period
3. Blackdemons , Patrice Cormier 1 (Andy McDonald 1, Ronalds Kenins 1) at 9:24
4. Blackdemons , Ales Kotalik 1 (Martin Hanzal 1) at 10:10
Penalties :
Drayson Bowman (Rep) for Tripping (Minor) at 11:45
3rd period
5. Mulligans , Sven Baertschi 1 (Logan Shaw 1) at 11:19
6. Mulligans , Thomas Hickey 1 (Ben Hutton 1) at 13:10
7. Mulligans , Benn Ferriero 1 (Drayson Bowman 1, Anton Lander 1) at 14:41
8. Blackdemons , Patrice Cormier 2 (Andy McDonald 2) at 14:54
9. Mulligans , Nick Bonino 1 (Chris Neil 1, Thomas Hickey 1) at 17:22 (PP)
Penalties :
Darren Dietz (Rep) for Roughing (Minor) at 3:39, Nick Bonino (Rep) for Interference (Minor) at 8:00, Mathew Dumba (MJM) for Interference (Minor) at 17:06
Goalie Stats
Anders Lindback (Rep), 39 saves from 43 shots - (0.907), W, 1-0-0, 60:00 minutes
Matt Hackett (MJM), 24 saves from 29 shots - (0.828), L, 0-1-0, 58:58 minutes
Players Stats for Mulligans
Player Name G A P +/- PIM S H SB GA TA FO MP PP MP PK MP
------------------------------------------------------------------------------------
Anton Lander 0 1 1 1 0 1 1 1 0 0 1/7 14:37 0:00 3:38
Ben Hutton 0 1 1 0 0 1 1 0 0 1 0/0 11:14 0:00 0:00
Benn Ferriero 1 0 1 1 0 2 1 1 0 0 0/0 10:38 0:00 0:00
Cade Fairchild 0 0 0 0 0 0 0 1 1 1 0/0 19:13 0:09 4:05
Chris Neil 0 1 1 -2 0 5 2 2 0 0 0/1 21:50 0:35 2:49
Cody Goloubef 0 0 0 0 0 0 3 2 0 2 0/0 19:13 0:09 4:05
Dalton Thrower 0 0 0 1 0 0 1 0 0 0 0/0 3:08 0:00 0:00
Darren Dietz 0 0 0 0 2 0 0 1 0 1 0/0 11:13 0:00 0:00
Drayson Bowman 0 1 1 1 2 0 1 0 0 0 0/0 12:08 0:00 1:00
Eric Tangradi 0 0 0 -2 0 4 0 0 1 1 0/3 18:19 0:35 0:05
Jonathan Tremblay 0 0 0 -1 0 4 2 0 0 2 1/1 17:41 0:18 4:59
Logan Shaw 0 1 1 2 0 2 1 1 1 0 0/0 7:27 0:00 0:00
Matt Beleskey 1 0 1 -1 2 2 0 2 0 0 0/3 13:49 0:18 0:00
Matt Donovan 0 0 0 -1 0 1 0 2 1 2 0/0 26:25 0:44 5:46
Maxime Macenauer 0 1 1 -1 0 0 2 0 2 0 10/22 18:45 0:18 5:05
Nick Bonino 1 0 1 -2 4 5 0 0 0 0 18/30 17:51 0:35 0:00
Nick Shore 0 0 0 2 0 0 0 0 0 0 2/3 7:38 0:00 0:11
Sven Baertschi 1 0 1 2 0 1 1 0 0 0 0/0 9:22 0:00 1:55
Thomas Hickey 1 1 2 0 0 1 3 3 1 0 0/0 29:33 0:44 5:46
Players Stats for Blackdemons
Player Name G A P +/- PIM S H SB GA TA FO MP PP MP PK MP
------------------------------------------------------------------------------------
Ales Kotalik 1 0 1 0 0 5 1 0 3 0 0/1 21:57 4:53 0:00
Alexandre Grenier 1 0 1 0 0 1 1 1 0 0 2/2 19:15 4:58 0:00
Andy McDonald 0 2 2 0 0 0 1 0 3 0 2/2 16:04 0:06 0:00
Blake Pietila 0 0 0 0 0 1 1 0 0 0 0/0 11:23 4:58 0:00
Brett Kulak 0 0 0 0 0 0 1 1 0 0 0/0 9:19 0:00 0:00
Calvin de Haan 0 0 0 0 2 3 2 2 0 1 0/0 20:54 3:41 0:16
Charles-Olivier Roussel 0 0 0 0 0 0 0 0 0 0 0/0 3:57 0:00 0:00
James Livingstone 0 0 0 0 0 1 0 0 0 0 0/0 6:37 0:00 0:00
Jeffrey Foss 0 0 0 0 0 0 1 2 0 0 0/0 15:47 0:00 0:00
Jyrki Jokipakka 0 0 0 0 0 0 0 0 0 0 0/0 3:57 0:00 0:00
Keaton Ellerby 0 1 1 0 0 2 2 0 0 2 0/0 25:22 6:10 0:00
Kyle Rau 0 0 0 0 0 3 0 0 0 0 3/5 11:18 0:00 0:00
Martin Hanzal 0 1 1 0 0 6 2 0 0 1 14/31 22:05 4:53 0:08
Mathew Dumba 0 0 0 0 2 4 4 0 1 0 0/0 25:48 6:10 0:37
Max Friberg 0 0 0 0 0 1 0 0 0 2 0/1 11:26 0:00 0:08
Patrice Cormier 2 1 3 0 0 9 1 1 0 1 16/23 20:00 4:58 0:45
Roman Josi 0 0 0 0 0 2 1 2 2 0 0/0 14:54 3:41 0:53
Ronalds Kenins 0 1 1 0 0 3 3 3 0 0 1/1 21:07 4:47 0:45
Scott Timmins 0 0 0 0 0 1 1 0 0 0 0/4 6:37 0:00 0:00
Sergei Plotnikov 0 0 0 0 0 1 1 0 1 0 0/0 11:18 0:00 0:00
3 Stars
1 - Patrice Cormier (MJM)
2 - Thomas Hickey (Rep)
3 - Sven Baertschi (Rep)
Power Play
Mulligans - 2 on 2 Attempt(s) - 100.00%
Blackdemons - 1 on 5 Attempt(s) - 20.00%
Penalty Kill
Mulligans - 4 on 5 Attempt(s) - 80.00%
- Score 0 goal in Penalty Kill
Blackdemons - 0 on 2 Attempt(s) - 0.00%
- Score 0 goal in Penalty Kill
Team Stat
Mulligans - Hits : 19 - Faceoff Wins : 32 - Blocked Shots : 16 - Penalty Minutes : 10
Blackdemons - Hits : 23 - Faceoff Wins : 38 - Blocked Shots : 12 - Penalty Minutes : 4
Official
Referees : Kowal Tom and Morton Dean
Linesman : Vaughan Rody and Jean Morin
Game Notes
No Game Note
Finance
Level 1 -- Attendance: 1690 (84.50%) -- Ticket Income $67,600
Level 2 -- Attendance: 897 (89.70%) -- Ticket Income $17,940
Total Attendance: 2587 (86.23%)
Total Ticket Income: $85,540
Other Income: $4,277
Total Income: $89,817
Mulligans
5 vs 5 Forward
Center Left Wing Right Wing Time % Phy DF OF
1 Nick Bonino Eric Tangradi Chris Neil 40 0 2 3
2 Maxime Macenauer Matt Beleskey Jonathan Tremblay 30 0 2 3
3 Anton Lander Drayson Bowman Benn Ferriero 20 0 2 3
4 Nick Shore Sven Baertschi Logan Shaw 10 0 2 3
5 vs 5 Defense
Defense Defense Time % Phy DF OF
1 Thomas Hickey Matt Donovan 40 0 3 2
2 Cody Goloubef Cade Fairchild 30 0 3 2
3 Ben Hutton Darren Dietz 20 0 3 2
4 Dalton Thrower Thomas Hickey 10 0 3 2
PowerPlay Forward
Center Left Wing Right Wing Time % Phy DF OF
1 Nick Bonino Eric Tangradi Chris Neil 60 0 1 4
2 Maxime Macenauer Matt Beleskey Jonathan Tremblay 40 0 1 4
PowerPlay Defense
Defense Defense Time % Phy DF OF
1 Thomas Hickey Matt Donovan 60 0 2 3
2 Cody Goloubef Cade Fairchild 40 0 2 3
Penalty Kill 4 Players Forward
Center Wing Time % Phy DF OF
1 Maxime Macenauer Jonathan Tremblay 60 1 3 1
2 Anton Lander Chris Neil 40 1 3 1
Penalty Kill 4 Players Defense
Defense Defense Time % Phy DF OF
1 Thomas Hickey Matt Donovan 60 1 4 0
2 Cody Goloubef Cade Fairchild 40 1 4 0
Penalty Kill - 3 Players Forward
Forward Time % Phy DF OF
1 Nick Bonino 60 1 3 1
2 Anton Lander 40 1 3 1
Penalty Kill - 3 Players Defense
Defense Defense Time % Phy DF OF
1 Thomas Hickey Matt Donovan 60 1 4 0
2 Cody Goloubef Cade Fairchild 40 1 4 0
4 vs 4 Forward
Center Wing Time % Phy DF OF
1 Nick Bonino Eric Tangradi 60 0 2 3
2 Anton Lander Jonathan Tremblay 40 0 2 3
4 vs 4 Defense
Defense Defense Time % Phy DF OF
1 Thomas Hickey Matt Donovan 60 0 3 2
2 Cody Goloubef Cade Fairchild 40 0 3 2
Last Minutes Offensive
Center Left Wing Right Wing Defense Defense
Nick Bonino Eric Tangradi Chris Neil Thomas Hickey Matt Donovan
Last Minutes Defensive
Center Left Wing Right Wing Defense Defense
Maxime Macenauer Matt Beleskey Chris Neil Thomas Hickey Matt Donovan
Goaltenders
Starting : Anders Lindback
Backup : Calvin Pickard
Extra Forwards
Normal : Anton Lander, Benn Ferriero, Drayson Bowman - PP : Anton Lander, Benn Ferriero - PK : Drayson Bowman
Extra Defensemen
Normal : Ben Hutton, Darren Dietz, Dalton Thrower - PP : Ben Hutton - PK : Darren Dietz, Dalton Thrower
Penalty Shots
Benn Ferriero, Chris Neil, Eric Tangradi, Maxime Macenauer, Jonathan Tremblay
Scratches
Christoph Bertschy (Torn Right Knee Ligaments Injury), Joonas Donskoi (Healthy), Reid Boucher (Healthy), Mario Lucia (Healthy), Adam Lowry (Healthy)
Derek Dorsett (Healthy), Marek Langhamer (Healthy)
Blackdemons
5 vs 5 Forward
Center Left Wing Right Wing Time % Phy DF OF
1 Martin Hanzal Ronalds Kenins Ales Kotalik 36 0 2 3
2 Patrice Cormier Andy McDonald Alexandre Grenier 35 0 2 3
3 Kyle Rau Sergei Plotnikov Max Friberg 19 1 2 2
4 Scott Timmins Blake Pietila James Livingstone 10 0 4 1
5 vs 5 Defense
Defense Defense Time % Phy DF OF
1 Mathew Dumba Keaton Ellerby 40 0 3 2
2 Calvin de Haan Jeffrey Foss 35 0 3 2
3 Roman Josi Brett Kulak 20 1 2 2
4 Charles-Olivier Roussel Jyrki Jokipakka 5 1 3 1
PowerPlay Forward
Center Left Wing Right Wing Time % Phy DF OF
1 Martin Hanzal Ronalds Kenins Ales Kotalik 55 0 1 4
2 Patrice Cormier Blake Pietila Alexandre Grenier 45 0 1 4
PowerPlay Defense
Defense Defense Time % Phy DF OF
1 Mathew Dumba Keaton Ellerby 55 0 1 4
2 Roman Josi Calvin de Haan 45 0 1 4
Penalty Kill 4 Players Forward
Center Wing Time % Phy DF OF
1 Patrice Cormier Ronalds Kenins 60 0 5 0
2 Martin Hanzal Max Friberg 40 0 5 0
Penalty Kill 4 Players Defense
Defense Defense Time % Phy DF OF
1 Calvin de Haan Roman Josi 60 0 5 0
2 Keaton Ellerby Mathew Dumba 40 0 5 0
Penalty Kill - 3 Players Forward
Forward Time % Phy DF OF
1 Patrice Cormier 60 0 5 0
2 Max Friberg 40 0 5 0
Penalty Kill - 3 Players Defense
Defense Defense Time % Phy DF OF
1 Mathew Dumba Keaton Ellerby 60 0 5 0
2 Calvin de Haan Roman Josi 40 0 5 0
4 vs 4 Forward
Center Wing Time % Phy DF OF
1 Martin Hanzal Andy McDonald 60 1 2 2
2 Patrice Cormier Ales Kotalik 40 1 2 2
4 vs 4 Defense
Defense Defense Time % Phy DF OF
1 Keaton Ellerby Mathew Dumba 60 1 2 2
2 Jeffrey Foss Roman Josi 40 1 2 2
Last Minutes Offensive
Center Left Wing Right Wing Defense Defense
Martin Hanzal Andy McDonald Ales Kotalik Keaton Ellerby Calvin de Haan
Last Minutes Defensive
Center Left Wing Right Wing Defense Defense
Patrice Cormier Andy McDonald Ales Kotalik Mathew Dumba Keaton Ellerby
Goaltenders
Starting : Matt Hackett
Backup : Laurent Brossoit
Extra Forwards
Normal : Martin Hanzal, Ales Kotalik, Andy McDonald - PP : Andy McDonald, Martin Hanzal - PK : Patrice Cormier
Extra Defensemen
Normal : Calvin de Haan, Mathew Dumba, Jeffrey Foss - PP : Mathew Dumba - PK : Mathew Dumba, Calvin de Haan
Penalty Shots
Martin Hanzal, Ales Kotalik, Ronalds Kenins, Andy McDonald, Alexandre Grenier
Scratches
Colin Smith (Healthy), Klas Dahlbeck (Healthy), Mackenzie MacEachern (Healthy), Reece Scarlett (Healthy), Andrew MacDonald (Healthy)
Ben Maxwell (Healthy), Nicolas Deschamps (Healthy), Jacob Lagacé (Healthy), Alexander Salak (Healthy), Sami Aittokallio (Healthy)
% Time on Ice - Mulligans
Lines # - Real PCT - Wanted PCT - Time Play
Normal Forward
1 - 37% - 40% - 17:49
2 - 25% - 30% - 12:14
3 - 22% - 20% - 10:38
4 - 15% - 10% - 7:27
Normal Defense
1 - 39% - 40% - 18:47
2 - 31% - 30% - 14:59
3 - 23% - 20% - 11:14
4 - 7% - 10% - 3:08
PP Forward
1 - 66% - 60% - 0:35
2 - 34% - 40% - 0:18
PP Defense
1 - 83% - 60% - 0:44
2 - 17% - 40% - 0:09
PK Forward
1 - 71% - 60% - 7:02
2 - 29% - 40% - 2:49
PK Defense
1 - 59% - 60% - 5:46
2 - 41% - 40% - 4:05
PK3 Forward
1 - 0% - 60%
2 - 0% - 40%
PK3 Defense
1 - 0% - 60%
2 - 0% - 40%
44 Forward
1 - 0% - 60%
2 - 0% - 40%
44 Defense
1 - 0% - 60%
2 - 0% - 40%
Last Minute Offensive - 0:00
Last Minute Defensive - 1:08
Total
Forward - 60:00
Defense - 60:00
|
% Time on Ice - Blackdemons
Lines # - Real PCT - Wanted PCT - Time Play
Normal Forward
1 - 33% - 36% - 15:57
2 - 30% - 35% - 14:17
3 - 23% - 19% - 11:18
4 - 14% - 10% - 6:37
Normal Defense
1 - 40% - 40% - 19:02
2 - 35% - 35% - 16:48
3 - 17% - 20% - 8:22
4 - 8% - 5% - 3:57
PP Forward
1 - 50% - 55% - 4:53
2 - 50% - 45% - 4:58
PP Defense
1 - 63% - 55% - 6:10
2 - 37% - 45% - 3:41
PK Forward
1 - 85% - 60% - 0:45
2 - 15% - 40% - 0:08
PK Defense
1 - 100% - 60% - 0:53
2 - 0% - 40% - 0:00
PK3 Forward
1 - 0% - 60%
2 - 0% - 40%
PK3 Defense
1 - 0% - 60%
2 - 0% - 40%
44 Forward
1 - 0% - 60%
2 - 0% - 40%
44 Defense
1 - 0% - 60%
2 - 0% - 40%
Last Minute Offensive - 1:07
Last Minute Defensive - 0:00
Total
Forward - 60:00
Defense - 60:00
|
Play by Play
1st period
0:01 of 1st period - Martin Hanzal wins face-off versus Eric Tangradi in neutral zone.
0:23 of 1st period - Icing by Martin Hanzal.
0:24 of 1st period - Maxime Macenauer wins face-off versus Patrice Cormier in Blackdemons zone.
0:27 of 1st period - Snap shot by Matt Beleskey.
0:27 of 1st period - Shot Misses the Net.
0:29 of 1st period - Backhand shot by Maxime Macenauer.
0:29 of 1st period - Shot Misses the Net.
0:31 of 1st period - Wrist shot by Jonathan Tremblay.
0:31 of 1st period - Shot Blocked by Alexandre Grenier.
1:14 of 1st period - Off-side.
1:15 of 1st period - Nick Bonino wins face-off versus Scott Timmins in neutral zone.
1:40 of 1st period - Eric Tangradi is hit by Brett Kulak and loses puck.
2:43 of 1st period - Matt Donovan is hit by Blake Pietila and loses puck.
3:06 of 1st period - Snap shot by Sven Baertschi.
3:06 of 1st period - Shot Misses the Net.
3:08 of 1st period - Snap shot by Logan Shaw.
3:08 of 1st period - Stopped by Matt Hackett with a rebound.
3:20 of 1st period - Matt Donovan is hit by Ales Kotalik and loses puck.
3:47 of 1st period - Wrist shot by Sergei Plotnikov.
3:47 of 1st period - Stopped by Anders Lindback with a rebound.
3:49 of 1st period - Backhand shot by Brett Kulak.
3:49 of 1st period - Shot Misses the Net.
5:09 of 1st period - Wrist shot by Patrice Cormier.
5:09 of 1st period - Deflect By Nick Bonino.
5:09 of 1st period - Shot Misses the Net.
5:09 of 1st period - Puck is out of play.
5:10 of 1st period - Martin Hanzal wins face-off versus Anton Lander in Mulligans zone.
5:13 of 1st period - Snap shot by Ales Kotalik.
5:13 of 1st period - Stopped by Anders Lindback without a rebound.
5:14 of 1st period - Martin Hanzal wins face-off versus Anton Lander in Mulligans zone.
5:41 of 1st period - Snap shot by Eric Tangradi.
5:41 of 1st period - Stopped by Matt Hackett without a rebound.
5:42 of 1st period - Nick Bonino wins face-off versus Patrice Cormier in Blackdemons zone.
6:03 of 1st period - Wrist shot by Chris Neil.
6:03 of 1st period - Shot Misses the Net.
6:15 of 1st period - Snap shot by Chris Neil.
6:15 of 1st period - Shot Blocked by Patrice Cormier.
6:17 of 1st period - Slapshot by Eric Tangradi.
6:17 of 1st period - Stopped by Matt Hackett without a rebound.
6:18 of 1st period - Maxime Macenauer wins face-off versus Martin Hanzal in Blackdemons zone.
6:19 of 1st period - Snap shot by Matt Beleskey.
6:19 of 1st period - Deflect By Maxime Macenauer.
6:19 of 1st period - Shot Blocked by Ronalds Kenins.
6:19 of 1st period - Puck is out of play.
6:20 of 1st period - Maxime Macenauer wins face-off versus Ales Kotalik in Blackdemons zone.
6:27 of 1st period - Snap shot by Jonathan Tremblay.
6:27 of 1st period - Stopped by Matt Hackett with a rebound.
6:29 of 1st period - Slapshot by Jonathan Tremblay.
6:29 of 1st period - Stopped by Matt Hackett without a rebound.
6:30 of 1st period - Maxime Macenauer wins face-off versus Martin Hanzal in Blackdemons zone.
6:30 of 1st period - Thomas Hickey is hit by Ronalds Kenins and loses puck.
6:52 of 1st period - Minor Penalty to Calvin de Haan for Diving.
6:53 of 1st period - Patrice Cormier wins face-off versus Nick Bonino in Blackdemons zone.
7:04 of 1st period - Slapshot by Ronalds Kenins.
7:04 of 1st period - Shot Misses the Net.
7:23 of 1st period - Off-side.
7:24 of 1st period - Maxime Macenauer wins face-off versus Max Friberg in neutral zone.
7:29 of 1st period - Snap shot by Matt Beleskey.
7:29 of 1st period - Goal by Matt Beleskey - Mulligans : 1 - Blackdemons : 0.
7:30 of 1st period - Alexandre Grenier wins face-off versus Nick Bonino in neutral zone.
8:01 of 1st period - Matt Donovan is hit by Martin Hanzal.
8:05 of 1st period - Martin Hanzal is hit by Thomas Hickey and loses puck.
8:24 of 1st period - Wrist shot by Anton Lander.
8:24 of 1st period - Deflect By Benn Ferriero.
8:24 of 1st period - Stopped by Matt Hackett with a rebound.
8:44 of 1st period - Slapshot by Cody Goloubef.
8:44 of 1st period - Shot Misses the Net.
8:46 of 1st period - Slapshot by Cody Goloubef.
8:46 of 1st period - Shot Blocked by Brett Kulak.
9:34 of 1st period - Minor Penalty to Matt Beleskey for Hooking.
9:35 of 1st period - Jonathan Tremblay wins face-off versus Martin Hanzal in Mulligans zone.
9:44 of 1st period - Slapshot by Ales Kotalik.
9:44 of 1st period - Deflect By Martin Hanzal.
9:44 of 1st period - Deflect By Jonathan Tremblay.
9:44 of 1st period - Shot Misses the Net.
9:44 of 1st period - Puck is out of play.
9:45 of 1st period - Maxime Macenauer wins face-off versus Martin Hanzal in Mulligans zone.
10:08 of 1st period - Wrist shot by Ales Kotalik.
10:08 of 1st period - Stopped by Anders Lindback without a rebound.
10:09 of 1st period - Patrice Cormier wins face-off versus Maxime Macenauer in Mulligans zone.
10:24 of 1st period - Keaton Ellerby is hit by Cody Goloubef and loses puck.
10:43 of 1st period - Chris Neil is hit by Keaton Ellerby and loses puck.
11:16 of 1st period - Cody Goloubef is hit by Ronalds Kenins and loses puck.
11:34 of 1st period - Penalty to Matt Beleskey is over, Matt Beleskey is back on ice.
13:06 of 1st period - Icing by Jonathan Tremblay.
13:07 of 1st period - Patrice Cormier wins face-off versus Maxime Macenauer in Mulligans zone.
13:18 of 1st period - Slapshot by Ales Kotalik.
13:18 of 1st period - Stopped by Anders Lindback with a rebound.
13:20 of 1st period - Slapshot by Martin Hanzal.
13:20 of 1st period - Stopped by Anders Lindback without a rebound.
13:21 of 1st period - Patrice Cormier wins face-off versus Nick Bonino in Mulligans zone.
13:36 of 1st period - Wrist shot by Nick Bonino.
13:36 of 1st period - Shot Blocked by Jeffrey Foss.
13:46 of 1st period - Alexandre Grenier is hit by Logan Shaw.
14:14 of 1st period - Snap shot by Calvin de Haan.
14:14 of 1st period - Shot Blocked by Benn Ferriero.
14:20 of 1st period - Wrist shot by Ronalds Kenins.
14:20 of 1st period - Shot Misses the Net.
14:58 of 1st period - Slapshot by Chris Neil.
14:58 of 1st period - Stopped by Matt Hackett without a rebound.
14:59 of 1st period - Nick Bonino wins face-off versus Martin Hanzal in Blackdemons zone.
15:10 of 1st period - Snap shot by Martin Hanzal.
15:10 of 1st period - Shot Misses the Net.
15:20 of 1st period - Minor Penalty to Nick Bonino for Hooking.
15:21 of 1st period - Maxime Macenauer wins face-off versus Martin Hanzal in Mulligans zone.
17:09 of 1st period - Wrist shot by Patrice Cormier.
17:09 of 1st period - Stopped by Anders Lindback with a rebound.
17:11 of 1st period - Snap shot by Patrice Cormier.
17:11 of 1st period - Stopped by Anders Lindback with a rebound.
17:13 of 1st period - Snap shot by Keaton Ellerby.
17:13 of 1st period - Shot Blocked by Matt Donovan.
17:15 of 1st period - Slapshot by Alexandre Grenier.
17:15 of 1st period - Deflect By Chris Neil.
17:15 of 1st period - Goal by Alexandre Grenier - Mulligans : 1 - Blackdemons : 1.
17:16 of 1st period - Nick Bonino wins face-off versus Martin Hanzal in neutral zone.
17:22 of 1st period - Icing by Ales Kotalik.
17:23 of 1st period - Nick Bonino wins face-off versus Martin Hanzal in Blackdemons zone.
17:36 of 1st period - Snap shot by Martin Hanzal.
17:36 of 1st period - Shot Blocked by Chris Neil.
17:38 of 1st period - Slapshot by Jeffrey Foss.
17:38 of 1st period - Shot Blocked by Cody Goloubef.
17:48 of 1st period - Slapshot by Cody Goloubef.
17:48 of 1st period - Shot Blocked by Jeffrey Foss.
17:52 of 1st period - Slapshot by Maxime Macenauer.
17:52 of 1st period - Shot Misses the Net.
17:54 of 1st period - Slapshot by Jonathan Tremblay.
17:54 of 1st period - Stopped by Matt Hackett without a rebound.
17:55 of 1st period - Patrice Cormier wins face-off versus Maxime Macenauer in Blackdemons zone.
18:00 of 1st period - Matt Donovan is hit by Andy McDonald and loses puck.
18:27 of 1st period - Darren Dietz is hit by Ronalds Kenins and loses puck.
18:38 of 1st period - Slapshot by Calvin de Haan.
18:38 of 1st period - Shot Misses the Net.
18:40 of 1st period - Snap shot by Sergei Plotnikov.
18:40 of 1st period - Shot Blocked by Darren Dietz.
18:42 of 1st period - Wrist shot by Kyle Rau.
18:42 of 1st period - Shot Blocked by Chris Neil.
18:44 of 1st period - Snap shot by Max Friberg.
18:44 of 1st period - Shot Hit the Post.
18:46 of 1st period - Snap shot by Max Friberg.
18:46 of 1st period - Shot Misses the Net.
18:48 of 1st period - Snap shot by Max Friberg.
18:48 of 1st period - Shot Misses the Net.
19:11 of 1st period - Wrist shot by Eric Tangradi.
19:11 of 1st period - Shot Blocked by Roman Josi.
19:13 of 1st period - Slapshot by Ben Hutton.
19:13 of 1st period - Stopped by Matt Hackett with a rebound.
19:25 of 1st period - Wrist shot by Eric Tangradi.
19:25 of 1st period - Stopped by Matt Hackett without a rebound.
19:26 of 1st period - Martin Hanzal wins face-off versus Anton Lander in Blackdemons zone.
19:37 of 1st period - Slapshot by Keaton Ellerby.
19:37 of 1st period - Deflect By Martin Hanzal.
19:37 of 1st period - Stopped by Anders Lindback without a rebound.
19:38 of 1st period - Martin Hanzal wins face-off versus Maxime Macenauer in Mulligans zone.
19:41 of 1st period - Snap shot by Martin Hanzal.
19:41 of 1st period - Stopped by Anders Lindback without a rebound.
19:42 of 1st period - Martin Hanzal wins face-off versus Maxime Macenauer in Mulligans zone.
19:47 of 1st period - Snap shot by Ronalds Kenins.
19:47 of 1st period - Shot Misses the Net.
19:53 of 1st period - Snap shot by Ales Kotalik.
19:53 of 1st period - Shot Blocked by Matt Donovan.
19:55 of 1st period - Wrist shot by Mathew Dumba.
19:55 of 1st period - Shot Misses the Net.
Goals for this period are 1 for Mulligans vs 1 for Blackdemons.
Shots for this period are 11 for Mulligans vs 10 for Blackdemons.
2nd period
0:01 of 2nd period - Andy McDonald wins face-off versus Nick Bonino in neutral zone.
0:45 of 2nd period - Ales Kotalik is hit by Cody Goloubef and loses puck.
1:12 of 2nd period - Snap shot by Martin Hanzal.
1:12 of 2nd period - Stopped by Anders Lindback without a rebound.
1:13 of 2nd period - Patrice Cormier wins face-off versus Nick Bonino in Mulligans zone.
1:14 of 2nd period - Slapshot by Andy McDonald.
1:14 of 2nd period - Deflect By Patrice Cormier.
1:14 of 2nd period - Stopped by Anders Lindback with a rebound.
1:52 of 2nd period - Maxime Macenauer is hit by Calvin de Haan and loses puck.
2:16 of 2nd period - Slapshot by Thomas Hickey.
2:16 of 2nd period - Shot Misses the Net.
2:47 of 2nd period - Icing by Roman Josi.
2:48 of 2nd period - Patrice Cormier wins face-off versus Nick Bonino in Blackdemons zone.
2:57 of 2nd period - Snap shot by Eric Tangradi.
2:57 of 2nd period - Shot Misses the Net.
3:03 of 2nd period - Slapshot by Nick Bonino.
3:03 of 2nd period - Stopped by Matt Hackett with a rebound.
3:43 of 2nd period - Slapshot by Blake Pietila.
3:43 of 2nd period - Shot Blocked by Cody Goloubef.
4:09 of 2nd period - Snap shot by Anton Lander.
4:09 of 2nd period - Stopped by Matt Hackett without a rebound.
4:10 of 2nd period - Nick Bonino wins face-off versus Martin Hanzal in Blackdemons zone.
4:17 of 2nd period - Wrist shot by Nick Bonino.
4:17 of 2nd period - Shot Misses the Net.
4:19 of 2nd period - Snap shot by Nick Bonino.
4:19 of 2nd period - Shot Misses the Net.
4:21 of 2nd period - Snap shot by Thomas Hickey.
4:21 of 2nd period - Shot Misses the Net.
4:35 of 2nd period - Jonathan Tremblay is hit by Mathew Dumba and loses puck.
4:44 of 2nd period - Slapshot by Calvin de Haan.
4:44 of 2nd period - Shot Blocked by Thomas Hickey.
4:46 of 2nd period - Slapshot by Jeffrey Foss.
4:46 of 2nd period - Shot Misses the Net.
4:48 of 2nd period - Slapshot by Max Friberg.
4:48 of 2nd period - Shot Misses the Net.
4:55 of 2nd period - Icing by Thomas Hickey.
4:56 of 2nd period - Nick Shore wins face-off versus Patrice Cormier in Mulligans zone.
5:09 of 2nd period - Snap shot by Logan Shaw.
5:09 of 2nd period - Shot Misses the Net.
5:23 of 2nd period - Eric Tangradi is hit by Mathew Dumba.
7:08 of 2nd period - Slapshot by Kyle Rau.
7:08 of 2nd period - Stopped by Anders Lindback without a rebound.
7:09 of 2nd period - Kyle Rau wins face-off versus Matt Beleskey in Mulligans zone.
7:18 of 2nd period - Snap shot by Sergei Plotnikov.
7:18 of 2nd period - Shot Misses the Net.
7:20 of 2nd period - Snap shot by Kyle Rau.
7:20 of 2nd period - Shot Misses the Net.
7:22 of 2nd period - Wrist shot by Sergei Plotnikov.
7:22 of 2nd period - Shot Blocked by Cade Fairchild.
7:24 of 2nd period - Backhand shot by Kyle Rau.
7:24 of 2nd period - Stopped by Anders Lindback with a rebound.
7:26 of 2nd period - Snap shot by Mathew Dumba.
7:26 of 2nd period - Stopped by Anders Lindback with a rebound.
7:28 of 2nd period - Snap shot by Kyle Rau.
7:28 of 2nd period - Stopped by Anders Lindback with a rebound.
7:30 of 2nd period - Slapshot by Sergei Plotnikov.
7:30 of 2nd period - Shot Misses the Net.
7:32 of 2nd period - Slapshot by Keaton Ellerby.
7:32 of 2nd period - Shot Blocked by Matt Beleskey.
7:34 of 2nd period - Snap shot by Max Friberg.
7:34 of 2nd period - Shot Misses the Net.
7:36 of 2nd period - Backhand shot by Mathew Dumba.
7:36 of 2nd period - Stopped by Anders Lindback without a rebound.
7:37 of 2nd period - Nick Bonino wins face-off versus Patrice Cormier in Mulligans zone.
7:56 of 2nd period - Thomas Hickey is hit by Alexandre Grenier and loses puck.
8:14 of 2nd period - Slapshot by Calvin de Haan.
8:14 of 2nd period - Stopped by Anders Lindback with a rebound.
8:16 of 2nd period - Slapshot by Calvin de Haan.
8:16 of 2nd period - Shot Blocked by Anton Lander.
8:32 of 2nd period - Snap shot by Scott Timmins.
8:32 of 2nd period - Deflect By Thomas Hickey.
8:32 of 2nd period - Stopped by Anders Lindback with a rebound.
8:38 of 2nd period - Snap shot by Keaton Ellerby.
8:38 of 2nd period - Stopped by Anders Lindback with a rebound.
8:50 of 2nd period - Snap shot by Sergei Plotnikov.
8:50 of 2nd period - Shot Misses the Net.
8:52 of 2nd period - Wrist shot by Max Friberg.
8:52 of 2nd period - Stopped by Anders Lindback without a rebound.
8:53 of 2nd period - Nick Bonino wins face-off versus Kyle Rau in Mulligans zone.
9:04 of 2nd period - Snap shot by Kyle Rau.
9:04 of 2nd period - Shot Misses the Net.
9:06 of 2nd period - Slapshot by Roman Josi.
9:06 of 2nd period - Stopped by Anders Lindback with a rebound.
9:24 of 2nd period - Snap shot by Patrice Cormier.
9:24 of 2nd period - Goal by Patrice Cormier - Mulligans : 1 - Blackdemons : 2.
9:25 of 2nd period - Martin Hanzal wins face-off versus Maxime Macenauer in neutral zone.
9:35 of 2nd period - Off-side.
9:36 of 2nd period - Patrice Cormier wins face-off versus Nick Bonino in neutral zone.
9:41 of 2nd period - Snap shot by Andy McDonald.
9:41 of 2nd period - Shot Blocked by Thomas Hickey.
9:43 of 2nd period - Snap shot by Patrice Cormier.
9:43 of 2nd period - Stopped by Anders Lindback without a rebound.
9:44 of 2nd period - Nick Bonino wins face-off versus Patrice Cormier in Mulligans zone.
9:44 of 2nd period - Nick Bonino is hit by Mathew Dumba.
9:58 of 2nd period - Snap shot by Patrice Cormier.
9:58 of 2nd period - Stopped by Anders Lindback without a rebound.
9:59 of 2nd period - Martin Hanzal wins face-off versus Maxime Macenauer in Mulligans zone.
10:10 of 2nd period - Slapshot by Ales Kotalik.
10:10 of 2nd period - Goal by Ales Kotalik - Mulligans : 1 - Blackdemons : 3.
10:11 of 2nd period - Nick Bonino wins face-off versus Martin Hanzal in neutral zone.
10:36 of 2nd period - Keaton Ellerby is hit by Maxime Macenauer and loses puck.
10:41 of 2nd period - Wrist shot by Jonathan Tremblay.
10:41 of 2nd period - Stopped by Matt Hackett without a rebound.
10:42 of 2nd period - Patrice Cormier wins face-off versus Matt Beleskey in Blackdemons zone.
11:17 of 2nd period - Slapshot by Eric Tangradi.
11:17 of 2nd period - Shot Blocked by Calvin de Haan.
11:19 of 2nd period - Wrist shot by Eric Tangradi.
11:19 of 2nd period - Shot Misses the Net.
11:45 of 2nd period - Minor Penalty to Drayson Bowman for Tripping.
11:46 of 2nd period - Maxime Macenauer wins face-off versus Martin Hanzal in Mulligans zone.
12:14 of 2nd period - Wrist shot by Patrice Cormier.
12:14 of 2nd period - Stopped by Anders Lindback with a rebound.
13:45 of 2nd period - Penalty to Drayson Bowman is over, Drayson Bowman is back on ice.
13:57 of 2nd period - Slapshot by Max Friberg.
13:57 of 2nd period - Shot Misses the Net.
15:14 of 2nd period - Patrice Cormier is hit by Sven Baertschi and loses puck.
15:28 of 2nd period - Icing by Chris Neil.
15:29 of 2nd period - Nick Bonino wins face-off versus Scott Timmins in Mulligans zone.
15:58 of 2nd period - Jeffrey Foss is hit by Jonathan Tremblay and loses puck.
16:37 of 2nd period - Wrist shot by Max Friberg.
16:37 of 2nd period - Shot Misses the Net.
16:39 of 2nd period - Snap shot by Max Friberg.
16:39 of 2nd period - Shot Blocked by Logan Shaw.
16:53 of 2nd period - Cade Fairchild is hit by Roman Josi and loses puck.
17:22 of 2nd period - Wrist shot by Ronalds Kenins.
17:22 of 2nd period - Stopped by Anders Lindback with a rebound.
17:24 of 2nd period - Wrist shot by Ales Kotalik.
17:24 of 2nd period - Shot Misses the Net.
17:26 of 2nd period - Slapshot by Keaton Ellerby.
17:26 of 2nd period - Deflect By Martin Hanzal.
17:26 of 2nd period - Stopped by Anders Lindback with a rebound.
18:41 of 2nd period - Off-side.
18:42 of 2nd period - Maxime Macenauer wins face-off versus Scott Timmins in neutral zone.
18:47 of 2nd period - Wrist shot by Matt Beleskey.
18:47 of 2nd period - Stopped by Matt Hackett with a rebound.
19:11 of 2nd period - Wrist shot by Blake Pietila.
19:11 of 2nd period - Stopped by Anders Lindback without a rebound.
19:12 of 2nd period - Patrice Cormier wins face-off versus Anton Lander in Mulligans zone.
19:39 of 2nd period - Snap shot by Nick Bonino.
19:39 of 2nd period - Stopped by Matt Hackett with a rebound.
19:41 of 2nd period - Snap shot by Eric Tangradi.
19:41 of 2nd period - Shot Misses the Net.
19:45 of 2nd period - Snap shot by Chris Neil.
19:45 of 2nd period - Stopped by Matt Hackett without a rebound.
19:46 of 2nd period - Andy McDonald wins face-off versus Maxime Macenauer in Blackdemons zone.
19:46 of 2nd period - Andy McDonald is hit by Cody Goloubef.
19:53 of 2nd period - Calvin de Haan is hit by Maxime Macenauer and loses puck.
Goals for this period are 0 for Mulligans vs 2 for Blackdemons.
Shots for this period are 6 for Mulligans vs 20 for Blackdemons.
3rd period
0:01 of 3rd period - Nick Bonino wins face-off versus Martin Hanzal in neutral zone.
0:08 of 3rd period - Snap shot by Eric Tangradi.
0:08 of 3rd period - Deflect By Nick Bonino.
0:08 of 3rd period - Shot Blocked by Ronalds Kenins.
0:08 of 3rd period - Puck is out of play.
0:09 of 3rd period - Nick Bonino wins face-off versus Martin Hanzal in Blackdemons zone.
0:14 of 3rd period - Snap shot by Nick Bonino.
0:14 of 3rd period - Stopped by Matt Hackett without a rebound.
0:15 of 3rd period - Patrice Cormier wins face-off versus Nick Bonino in Blackdemons zone.
0:15 of 3rd period - Patrice Cormier is hit by Thomas Hickey.
0:49 of 3rd period - Thomas Hickey is hit by Calvin de Haan and loses puck.
1:02 of 3rd period - Wrist shot by Blake Pietila.
1:02 of 3rd period - Deflect By James Livingstone.
1:02 of 3rd period - Stopped by Anders Lindback without a rebound.
1:03 of 3rd period - Anton Lander wins face-off versus Scott Timmins in Mulligans zone.
1:18 of 3rd period - Slapshot by Anton Lander.
1:18 of 3rd period - Shot Misses the Net.
1:27 of 3rd period - Off-side.
1:28 of 3rd period - Nick Bonino wins face-off versus Patrice Cormier in neutral zone.
1:53 of 3rd period - Thomas Hickey is hit by Sergei Plotnikov and loses puck.
2:13 of 3rd period - Icing by Cody Goloubef.
2:14 of 3rd period - Nick Bonino wins face-off versus Martin Hanzal in Mulligans zone.
2:19 of 3rd period - Cody Goloubef is hit by Jeffrey Foss and loses puck.
2:43 of 3rd period - Calvin de Haan is hit by Drayson Bowman and loses puck.
3:26 of 3rd period - Snap shot by Nick Bonino.
3:26 of 3rd period - Shot Misses the Net.
3:28 of 3rd period - Slapshot by Matt Donovan.
3:28 of 3rd period - Stopped by Matt Hackett without a rebound.
3:29 of 3rd period - Nick Bonino wins face-off versus Martin Hanzal in Blackdemons zone.
3:39 of 3rd period - Minor Penalty to Darren Dietz for Roughing.
3:40 of 3rd period - Martin Hanzal wins face-off versus Maxime Macenauer in Mulligans zone.
4:12 of 3rd period - Chris Neil is hit by Patrice Cormier and loses puck.
5:09 of 3rd period - Ronalds Kenins is hit by Chris Neil and loses puck.
5:16 of 3rd period - Snap shot by Chris Neil.
5:16 of 3rd period - Stopped by Matt Hackett without a rebound.
5:17 of 3rd period - Maxime Macenauer wins face-off versus Patrice Cormier in Blackdemons zone.
5:39 of 3rd period - Penalty to Darren Dietz is over, Darren Dietz is back on ice.
6:45 of 3rd period - Backhand shot by Matt Beleskey.
6:45 of 3rd period - Shot Misses the Net.
6:47 of 3rd period - Snap shot by Maxime Macenauer.
6:47 of 3rd period - Shot Blocked by Ronalds Kenins.
6:59 of 3rd period - Snap shot by Logan Shaw.
6:59 of 3rd period - Stopped by Matt Hackett without a rebound.
7:00 of 3rd period - Kyle Rau wins face-off versus Nick Shore in Blackdemons zone.
7:25 of 3rd period - Thomas Hickey is hit by Keaton Ellerby and loses puck.
7:30 of 3rd period - Snap shot by Blake Pietila.
7:30 of 3rd period - Shot Hit the Post.
7:32 of 3rd period - Slapshot by Mathew Dumba.
7:32 of 3rd period - Deflect By Sven Baertschi.
7:32 of 3rd period - Stopped by Anders Lindback without a rebound.
7:33 of 3rd period - Alexandre Grenier wins face-off versus Chris Neil in Mulligans zone.
7:36 of 3rd period - Slapshot by Patrice Cormier.
7:36 of 3rd period - Stopped by Anders Lindback with a rebound.
7:38 of 3rd period - Slapshot by Calvin de Haan.
7:38 of 3rd period - Stopped by Anders Lindback without a rebound.
7:39 of 3rd period - Patrice Cormier wins face-off versus Nick Bonino in Mulligans zone.
8:00 of 3rd period - Minor Penalty to Nick Bonino for Interference.
8:01 of 3rd period - Martin Hanzal wins face-off versus Maxime Macenauer in Mulligans zone.
8:26 of 3rd period - Matt Donovan is hit by Mathew Dumba and loses puck.
10:00 of 3rd period - Penalty to Nick Bonino is over, Nick Bonino is back on ice.
10:10 of 3rd period - Chris Neil is hit by Martin Hanzal and loses puck.
10:25 of 3rd period - Kyle Rau is hit by Ben Hutton and loses puck.
10:51 of 3rd period - Thomas Hickey is hit by Scott Timmins and loses puck.
11:04 of 3rd period - Mathew Dumba is hit by Dalton Thrower and loses puck.
11:19 of 3rd period - Snap shot by Sven Baertschi.
11:19 of 3rd period - Goal by Sven Baertschi - Mulligans : 2 - Blackdemons : 3.
11:20 of 3rd period - Nick Bonino wins face-off versus Kyle Rau in neutral zone.
11:29 of 3rd period - Snap shot by Chris Neil.
11:29 of 3rd period - Stopped by Matt Hackett without a rebound.
11:30 of 3rd period - Kyle Rau wins face-off versus Nick Bonino in Blackdemons zone.
11:52 of 3rd period - Slapshot by Nick Bonino.
11:52 of 3rd period - Shot Blocked by Calvin de Haan.
12:18 of 3rd period - Wrist shot by Eric Tangradi.
12:18 of 3rd period - Stopped by Matt Hackett without a rebound.
12:19 of 3rd period - Martin Hanzal wins face-off versus Maxime Macenauer in Blackdemons zone.
12:28 of 3rd period - Mathew Dumba is hit by Jonathan Tremblay and loses puck.
12:52 of 3rd period - Alexandre Grenier is hit by Benn Ferriero and loses puck.
13:10 of 3rd period - Snap shot by Thomas Hickey.
13:10 of 3rd period - Goal by Thomas Hickey - Mulligans : 3 - Blackdemons : 3.
13:11 of 3rd period - Nick Bonino wins face-off versus Martin Hanzal in neutral zone.
13:22 of 3rd period - Slapshot by Ronalds Kenins.
13:22 of 3rd period - Stopped by Anders Lindback without a rebound.
13:23 of 3rd period - Ronalds Kenins wins face-off versus Maxime Macenauer in Mulligans zone.
13:28 of 3rd period - Snap shot by Ronalds Kenins.
13:28 of 3rd period - Shot Blocked by Thomas Hickey.
13:48 of 3rd period - Ronalds Kenins is hit by Anton Lander.
14:27 of 3rd period - Wrist shot by Ronalds Kenins.
14:27 of 3rd period - Stopped by Anders Lindback with a rebound.
14:41 of 3rd period - Snap shot by Benn Ferriero.
14:41 of 3rd period - Goal by Benn Ferriero - Mulligans : 4 - Blackdemons : 3.
14:42 of 3rd period - Patrice Cormier wins face-off versus Nick Bonino in neutral zone.
14:50 of 3rd period - Slapshot by Mathew Dumba.
14:50 of 3rd period - Stopped by Anders Lindback without a rebound.
14:51 of 3rd period - Patrice Cormier wins face-off versus Nick Bonino in Mulligans zone.
14:54 of 3rd period - Wrist shot by Patrice Cormier.
14:54 of 3rd period - Goal by Patrice Cormier - Mulligans : 4 - Blackdemons : 4.
14:55 of 3rd period - Patrice Cormier wins face-off versus Eric Tangradi in neutral zone.
15:27 of 3rd period - Wrist shot by Calvin de Haan.
15:27 of 3rd period - Stopped by Anders Lindback without a rebound.
15:28 of 3rd period - Martin Hanzal wins face-off versus Anton Lander in Mulligans zone.
17:06 of 3rd period - Minor Penalty to Mathew Dumba for Interference.
17:07 of 3rd period - Patrice Cormier wins face-off versus Eric Tangradi in Blackdemons zone.
17:07 of 3rd period - Patrice Cormier is hit by Thomas Hickey.
17:20 of 3rd period - Wrist shot by Chris Neil.
17:20 of 3rd period - Shot Blocked by Roman Josi.
17:22 of 3rd period - Snap shot by Nick Bonino.
17:22 of 3rd period - Goal by Nick Bonino - Mulligans : 5 - Blackdemons : 4.
17:23 of 3rd period - Martin Hanzal wins face-off versus Anton Lander in neutral zone.
17:30 of 3rd period - Slapshot by Keaton Ellerby.
17:30 of 3rd period - Stopped by Anders Lindback with a rebound.
17:48 of 3rd period - Mathew Dumba is hit by Chris Neil and loses puck.
17:53 of 3rd period - Snap shot by Chris Neil.
17:53 of 3rd period - Stopped by Matt Hackett with a rebound.
17:55 of 3rd period - Slapshot by Cade Fairchild.
17:55 of 3rd period - Shot Misses the Net.
17:57 of 3rd period - Wrist shot by Nick Bonino.
17:57 of 3rd period - Stopped by Matt Hackett with a rebound.
17:59 of 3rd period - Slapshot by Eric Tangradi.
17:59 of 3rd period - Shot Misses the Net.
18:01 of 3rd period - Snap shot by Cody Goloubef.
18:01 of 3rd period - Shot Misses the Net.
18:30 of 3rd period - Off-side.
18:31 of 3rd period - Nick Shore wins face-off versus Martin Hanzal in neutral zone.
18:58 of 3rd period - Blackdemons, Matt Hackett is pulled from the net.
19:31 of 3rd period - Wrist shot by Martin Hanzal.
19:31 of 3rd period - Shot Misses the Net.
19:33 of 3rd period - Slapshot by Roman Josi.
19:33 of 3rd period - Stopped by Anders Lindback with a rebound.
19:49 of 3rd period - Slapshot by Martin Hanzal.
19:49 of 3rd period - Stopped by Anders Lindback without a rebound.
19:50 of 3rd period - Ron Wilson call a timeout for Blackdemons.
19:50 of 3rd period - Martin Hanzal wins face-off versus Matt Beleskey in Mulligans zone.
19:55 of 3rd period - Wrist shot by Martin Hanzal.
19:55 of 3rd period - Shot Hit the Post.
19:57 of 3rd period - Slapshot by Andy McDonald.
19:57 of 3rd period - Shot Blocked by Matt Beleskey.
19:59 of 3rd period - Slapshot by Ales Kotalik.
19:59 of 3rd period - Stopped by Anders Lindback with a rebound.
Goals for this period are 4 for Mulligans vs 1 for Blackdemons.
Shots for this period are 12 for Mulligans vs 13 for Blackdemons.
Back to the Top